 Dungeon Crawl Stone Soup version 0.31-a0-175-g9f7f995f2b (webtiles) character file.

Game seed: 11829536410749392424

523 BrainTurd the Summoner (level 7, -5/50 HPs)
             Began as a Hill Orc Summoner on June 17, 2023.
             Slain by a sleepcap (19 damage)
             ... on level 6 of the Dungeon on June 18, 2023.
             The game lasted 00:28:28 (4501 turns).

BrainTurd the Summoner (Hill Orc Summoner)          Turns: 4501, Time: 00:28:28

Health: -5/50      AC:  3    Str: 11    XL:     7   Next: 22%
Magic:  4/9        EV:  2    Int: 17    God:
Gold:   244        SH:  0    Dex: 11    Spells: 0/9 levels left

rFire   . . .        g - +0 rapier
rCold   . . .        (no shield)
rNeg    . . .        a - +0 robe
rPois   .            l - +0 helmet
rElec   .            (no cloak)
rCorr   +            (no gloves)
SInv    .            (no boots)
Will    .....        (no amulet)
Stlth   ++           c - ring of resist corrosion
HPRegen 0.28/turn    (no ring)
MPRegen 0.11/turn

%: no passive effects
@: sleeping
A: no striking features
a: no special abilities


You were on level 6 of the Dungeon.
You visited 1 branch of the dungeon, and saw 6 of its levels.

You collected 244 gold pieces.

Inventory:

Hand Weapons
 d - a +0 dagger
 g - a +0 rapier (weapon)
Armour
 a - a +0 robe (worn)
 l - a +0 helmet (worn)
Jewellery
 c - a ring of resist corrosion (left hand)
Wands
 e - a wand of iceblast (4)
Scrolls
 h - 2 scrolls of fog
 j - a scroll of noise
 k - 3 scrolls of teleportation
 n - a scroll of enchant armour {unknown}
 r - a scroll of summoning {unknown}
Potions
 b - a potion of magic
 f - 4 potions of heal wounds
 i - a potion of enlightenment
 m - 3 potions of curing {unknown}
 o - a potion of berserk rage {unknown}
 p - a potion of brilliance {unknown}
 q - a potion of mutation {unknown}


   Skills:
 - Level 1.5 Dodging
 - Level 1.5 Stealth
 - Level 1.7 Spellcasting
 * Level 8.4 Summonings


You couldn't memorise any spells.
You knew the following spells:

 Your Spells              Type           Power      Damage    Failure   Level
a - Summon Small Mammal   Summ           100%       N/A       1%          1
b - Call Imp              Summ           60%        N/A       1%          2
c - Call Canine Familiar  Summ           30%        N/A       1%          3
d - Summon Guardian Gole  Hex/Summ       15%        N/A       11%         3

Your spell library contained the following spells:

 Spells                   Type           Power      Damage    Failure   Level
 Summon Lightning Spire   Summ/Air       15%        N/A       34%         4
 Hailstorm                Conj/Ice       1%         3d3       52%         3
 Ice Form                 Ice/Tmut       1%         N/A       89%         4
 Simulacrum               Ice/Necr       0%         N/A       100%        6


Dungeon Overview and Level Annotations

Branches:
Dungeon (6/15)
 Temple: D:4-7

Altars:
Ashenzari
Qazlal
Uskayaw

Annotations:
D:2 Sigmund


Message History

Something hits your hound but does no damage.
Your hound bites something.
A sky beast appears from thin air!
Reactivating autopickup.
The sky beast hits your hound. The sky beast shocks your hound.
Your hound dies!
Your hound's corpse disappears in a puff of smoke!
You feel yourself speed up.
Your cerulean imp hits the sky beast from afar with a -1 spear.
Your cerulean imp barely misses the sky beast.
The sky beast closely misses your cerulean imp.
Your cerulean imp closely misses the sky beast.
The sky beast closely misses your cerulean imp.
Your cerulean imp barely misses the sky beast.
The sky beast barely misses your cerulean imp.
Your cerulean imp barely misses the sky beast.
The sky beast flickers out of sight!
Deactivating autopickup; reactivate with Ctrl-A.
Something hits your cerulean imp but does no damage.
Something misses your cerulean imp.
Your magical contamination has completely faded away.
Something barely misses your cerulean imp.
Something misses your cerulean imp.
A sleepcap comes into view.
Something barely misses your cerulean imp.
Something hits your cerulean imp. Something shocks your cerulean imp.
Your cerulean imp resists.
Something hits your cerulean imp. Something shocks your cerulean imp.
Your cerulean imp resists.
Something closely misses your cerulean imp.
Something hits you. Something shocks you.
You closely miss something. Something hits you. Something shocks you.
You barely miss something. Something hits you. Something shocks you.
Something hits you. Something shocks you.
Something barely misses your cerulean imp.
The sleepcap releases spores at you.
* * * LOW HITPOINT WARNING * * *
You are engulfed in a cloud of soporific spores!
You fall asleep.
The sleepcap releases spores at you!!
You die...

### ##.############
#..........<#.####
#######.#####..........
#.......# #).....####
#.####@.# #.........<
#5f#####..........
#{....(.......####
##.######..^...... #.#
#..######. #.# #..# #.
..# #..# ## ..# #..
..## #.


You could see a sleepcap and a friendly cerulean imp (summoned).

Vanquished Creatures
  An ogre (D:4)
  A howler monkey (D:4)
  A hound (D:4)
  Ijyb (D:3)
  An iguana (D:5)
  Robin (D:2)
  An adder (D:2)
  A dart slug (D:3)
  2 orcs (D:4)
  A bat (D:3)
  2 endoplasms
  10 giant cockroaches
  8 goblins
  6 hobgoblins
  2 jackals (D:1)
  A quokka (D:4)
  2 kobolds
  3 rats
45 creatures vanquished.

Vanquished Creatures (collateral kills)
  2 scorpions
  An iguana (D:5)
  An orc wizard (D:4)
  A sleepcap (D:4)
  An adder (D:4)
  A shadow imp (D:5)
  A worm (D:2)
  3 dart slugs
  2 orcs
  A bat (D:1)
  2 endoplasms
  A giant cockroach (D:4)
  5 goblins
  5 jackals
  A quokka (D:3)
  4 kobolds
32 creatures vanquished.

Grand Total: 77 creatures vanquished

Notes
Turn   | Place    | Note
-------+----------+-------------------------------------------
     0 | D:1      | BrainTurd the Hill Orc Summoner began the quest for the
                  | Orb.
     0 | D:1      | Reached XP level 1. HP: 14/14 MP: 3/3
   340 | D:1      | Reached XP level 2. HP: 20/20 MP: 2/4
   884 | D:2      | Learned a level 2 spell: Call Imp
   925 | D:2      | Noticed Sigmund
  1065 | D:2      | Reached XP level 3. HP: 26/26 MP: 5/5
  1072 | D:2      | Reached skill level 5 in Summonings
  1091 | D:2      | Noticed Robin
  1113 | D:2      | Killed Robin
  1298 | D:2      | Found a stormy altar of Qazlal.
  1437 | D:2      | Reached XP level 4. HP: 30/33 MP: 3/6
  1445 | D:2      | Learned a level 3 spell: Call Canine Familiar
  2053 | D:3      | Found a hide-covered altar of Uskayaw.
  2303 | D:3      | Noticed Ijyb
  2380 | D:3      | Killed Ijyb
  2712 | D:4      | Reached skill level 6 in Summonings
  2712 | D:4      | Reached XP level 5. HP: 25/38 MP: 3/7
  2922 | D:4      | Reached skill level 7 in Summonings
  2922 | D:4      | Reached XP level 6. HP: 36/45 MP: 2/8
  3567 | D:5      | Entered Level 5 of the Dungeon
  3597 | D:5      | Reached skill level 8 in Summonings
  3977 | D:5      | Reached XP level 7. HP: 12/50 MP: 5/9
  4279 | D:5      | Found a broken altar of Ashenzari.
  4283 | D:5      | Saw a vision of the Swamp and the Spider Nest.
  4283 | D:5      | Noticed a jorogumo
  4283 | D:5      | Noticed a culicivora
  4283 | D:5      | Noticed a jumping spider
  4283 | D:5      | Noticed a five-headed hydra
  4283 | D:5      | Noticed a jumping spider
  4283 | D:5      | Noticed a jorogumo
  4283 | D:5      | Noticed a culicivora
  4283 | D:5      | Noticed a wolf spider
  4283 | D:5      | Noticed a radroach
  4283 | D:5      | Noticed an alligator
  4283 | D:5      | Noticed a demonic crawler
  4283 | D:5      | Noticed a steelbarb worm
  4284 | D:5      | Noticed a redback
  4284 | D:5      | Noticed a torpor snail
  4284 | D:5      | Noticed a broodmother
  4284 | D:5      | Noticed a swamp dragon
  4285 | D:5      | Noticed a wolf spider
  4285 | D:5      | Noticed a redback
  4285 | D:5      | Noticed a tarantella
  4291 | D:5      | Noticed a culicivora
  4401 | D:5      | Learned a level 3 spell: Summon Guardian Golem
  4501 | D:6      | Slain by a sleepcap

Illustrated notes

Levels and vault maps discovered:
D:1:      spicycebolla_green_bress_n_ham, layout_basic, minmay_misc_feat_rugged
D:2:      layout_loops_ring, basic_altar, uniq_robin, uniq_sigmund
D:3:      layout_loops_ring, general_overflow_altar, uniq_ijyb
D:4:      layout_cave_pools, serial_park, serial_park_paths
          [serial_park_minivault_5x5_4], serial_park_gazebo
          [serial_park_minivault_5x5_5], serial_park_tiny_2, serial_park_square3
          [serial_park_minivault_5x5_6], gup_sewer_entry_spiral,
          grunt_ministairs_14
D:5:      layout_rooms, grunt_ashenzari_visionary
          [grunt_ashenzari_visionary_swamp, grunt_ashenzari_visionary_spider],
          roderic_malta_cross
D:6:      layout_loops_ring, uniq_menkaure

Skill      XL: |  1  2  3  4  5  6 |
---------------+-------------------+-----
Summonings     | 5 6 7 8 |  8.4
Dodging        | |  1.5
Stealth        | |  1.5
Spellcasting   | |  1.7

Action                     |  1- 3 |  4- 6 |  7- 9 || total
---------------------------+-------+-------+-------++-------
  Melee: Unarmed           |    13 |       |       ||    13
         Dagger            |    20 |       |       ||    20
         Rapier            |    44 |   175 |     7 ||   226
         Punch             |       |     2 |       ||     2
   Cast: Summon Small Mamm |    19 |    15 |       ||    34
         Call Imp          |     3 |    14 |     4 ||    21
         Call Canine Famil |       |    10 |     2 ||    12
         Summon Guardian G |       |       |     1 ||     1
    Use: Scroll            |       |     6 |       ||     6
   Stab: Sleeping          |     4 |     2 |       ||     6
         Distracted        |       |     4 |     1 ||     5
 Armour: Robe              |    21 |    53 |       ||    74
  Dodge: Dodged            |    47 |   135 |     2 ||   184

Table legend: (Time is in decaauts)
 A = Elapsed time spent in this place.
 B = Non-inter-level travel time spent in this place.
 C = Inter-level travel time spent in this place.
 D = Time resting spent in this place.
 E = Time spent auto-exploring this place.
 F = Levels seen in this place.
 G = Mean time per level.
                   A        B        C        D        E       F      G
               +--------+--------+--------+--------+--------+-----+--------+
         Total |   4585 |   4528 |     57 |    461 |   2954 |   6 |  764.2 |
       Dungeon |   4585 |   4528 |     57 |    461 |   2954 |   6 |  764.2 |
               +--------+--------+--------+--------+--------+-----+--------+

Top non-repeatable levels by time:
     D:3: 1072 daAuts
     D:4: 939 daAuts
     D:5: 846 daAuts
     D:1: 833 daAuts
     D:2: 799 daAuts
     D:6: 93 daAuts
